 Dungeon Crawl Stone Soup version 0.30-a0-857-gcaf70739d4 (webtiles) character file.

Game seed: 16740799401684725792

8127 BubbleThief the Cleaver (level 11, -5/96 (106) HPs)
             Began as a Naga Cinder Acolyte on Mar 6, 2023.
             Was an Elder of Ignis.
             Slain by an acid dragon (8 damage)
             ... on level 10 of the Dungeon.
             The game lasted 00:25:07 (10856 turns).

BubbleThief the Cleaver (Naga Cinder Acolyte)      Turns: 10856, Time: 00:25:07

HP:   -5/96 (106)   AC:  8    Str: 20    XL:     11   Next: 26%
MP:   14/18         EV:  9    Int: 20    God:    Ignis [****..]
Gold: 443           SH:  0    Dex:  7    Spells: 16/20 levels left

rFire   + . .      SeeInvis +    I - +1 war axe (venom)
rCold   . . .      Faith    .    (no shield)
rNeg    + . .      Spirit   .    C - +2 leather armour of Zavaegag {Int+5 SInv}
rPois   +          Reflect  .    s - +0 helmet
rElec   .          Rampage  .    a - +0 cloak {rPois}
rCorr   .                        (no gloves)
Will    +....                    (no barding)
Stlth   +                        r - amulet of regeneration
HPRegen 1.16/turn                n - ring of positive energy
MPRegen 0.16/turn                p - ring of flight

@: corroded, fiery-armoured, flying, drained, very slow
A: AC +3, large, see invisible, deformed body, poison resistance, slowness 2,
spit poison 1, naga tail 1
a: Spit Poison, Renounce Religion, Fiery Armour, Foxfire Swarm, Rising Flame


You were on level 10 of the Dungeon.
You worshipped Ignis.
Ignis was greatly pleased with you.
You visited 1 branch of the dungeon, and saw 10 of its levels.
You also visited: Sewer and Bailey.

You collected 569 gold pieces.
You spent 126 gold pieces at shops.

Inventory:

Hand Weapons
 g - a -1 hand axe of flaming
 I - a +1 war axe of venom (weapon)
 K - the +9 staff of Wucad Mu {*channel}
   (You took it off a hobgoblin in a bailey)

   *Channel:  It occasionally powers its wielder's spells, but with a chance of
   causing confusion or draining the wielder's intelligence.
   It becomes more likely to activate and less likely to backfire with increased
   Evocations skill.
Missiles
 F - a throwing net
Armour
 a - a +0 cloak of poison resistance (worn)
 s - a +0 helmet (worn)
 C - the +2 leather armour of Zavaegag (worn) {Int+5 SInv}
   (You bought it in a shop on level 5 of the Dungeon)

   Int:       It affects your intelligence (+5).
   SInv:      It lets you see invisible.
Jewellery
 n - a ring of positive energy (left hand)
 p - a ring of flight (right hand)
 r - an amulet of regeneration (around neck)
Wands
 d - a wand of mindburst (19)
 w - a wand of quicksilver (2)
 B - a wand of roots (18)
 G - a wand of flame (38)
 H - a wand of charming (11)
 M - a wand of digging (7)
Scrolls
 c - a scroll of immolation
 e - 3 scrolls of blinking
 i - 3 scrolls of vulnerability {unknown}
 o - 4 scrolls of fear {unknown}
 t - 4 scrolls of teleportation {unknown}
 u - 3 scrolls of poison {unknown}
 v - 3 scrolls of enchant armour {unknown}
 y - a scroll of noise {unknown}
 D - 2 scrolls of identify
 J - a scroll of magic mapping
 L - a scroll of acquirement {unknown}
 N - a scroll of amnesia {unknown}
Potions
 b - 2 potions of might {unknown}
 f - 3 potions of heal wounds
 h - a potion of berserk rage {unknown}
 j - a potion of magic {unknown}
 k - 2 potions of mutation
 l - 3 potions of degeneration {unknown}
 q - 3 potions of invisibility
 x - 2 potions of haste {unknown}
 z - 2 potions of curing
 A - 5 potions of flight
 E - a potion of brilliance {unknown}
 O - a potion of experience {unknown}
 P - a potion of lignification {unknown}
Miscellaneous
 m - a phantom mirror


   Skills:
 + Level 9.0 Fighting
 * Level 12.3 Axes
 + Level 5.3 Spellcasting
 + Level 6.8 Conjurations
 - Level 3.0 Fire Magic


You had 16 spell levels left.
You knew the following spells:

 Your Spells              Type           Power      Damage    Failure   Level
a - Scorch                Fire           34%        2d6       6%          2
b - Searing Ray           Conj           64%        2d6       1%          2

Your spell library contained the following spells:

 Spells                   Type           Power      Damage    Failure   Level
 Magic Dart               Conj           100%       1d8       1%          1
 Shock                    Conj/Air       72%        1d7       3%          1
 Stone Arrow              Conj/Erth      36%        3d9       10%         3
 Ensorcelled Hibernation  Hex/Ice        10%        N/A       21%         2
 Passwall                 Tmut/Erth      4%         N/A       21%         2
 Iskenderun's Battlesphe  Conj           32%        2d8       22%         5
 Fulminant Prism          Conj/Hex       9%         3d7       32%         4
 Gell's Gravitas          Tloc           5%         N/A       38%         3
 Portal Projectile        Hex/Tloc       10%        N/A       38%         3
 Swiftness                Air            5%         N/A       38%         3
 Teleport Other           Tloc           5%         N/A       38%         3
 Tukima's Dance           Hex            5%         N/A       38%         3
 Airstrike                Air            2%         2d(1-17)  80%         4
 Alistair's Intoxication  Tmut/Pois      3%         N/A       98%         5
 Blade Hands              Tmut           2%         N/A       98%         5
 Borgnjor's Vile Clutch   Necr/Erth      2%         N/A       98%         5
 Conjure Ball Lightning   Conj/Air       9%         3x3d6     99%         6
 Iron Shot                Conj/Erth      9%         9d3       99%         6
 Dispersal                Tloc           2%         N/A       100%        6
 Eringya's Noxious Bog    Tmut/Pois      2%         N/A       100%        6


Dungeon Overview and Level Annotations

Branches:
Dungeon (10/15)            Temple (0/1) D:5           Sewer (visited)
 Bailey (visited)
   Lair: D:8-11         Orc: D:9-12

Altars:
Ashenzari
Cheibriados
Dithmenos
Elyvilon
Fedhas
Gozag
Hepliaklqana
Makhleb
Uskayaw
Wu Jian
Xom

Shops:
D:5 [   D:9 *

Annotations:
D:8 4 runed translucent doors
D:10 Gastronok


Innate Abilities, Weirdness & Mutations

Your serpentine skin is tough. (AC +3)
You have supernaturally acute eyesight. (SInv)
Armour fits poorly on your strangely shaped body.
Your system is resistant to poisons. (rPois)
You cover ground very slowly.
You can spit poison.
You have a snake-like lower body.


Message History

The searing ray hits the acid dragon.
The acid dragon is heavily wounded.
You finish channelling your searing ray.
The acid dragon barely misses you. x2
A kobold comes into view. It is wielding a +3 dagger.
You barely miss the acid dragon.
The acid dragon is heavily wounded.
The acid dragon bites you but does no damage.
The acid dragon barely misses you.
You barely miss the acid dragon.
The acid dragon is heavily wounded.
You have got your breath back.
The acid dragon completely misses you.
The acid dragon claws you but does no damage.
You hit the acid dragon.
The acid dragon is severely wounded.
The acid dragon barely misses you. The acid dragon closely misses you.
A gargoyle comes into view. It is wielding a +0 morningstar.
You closely miss the acid dragon.
The acid dragon is severely wounded.
You closely miss the kobold brigand.
A protective cloak of flame settles atop you.
The gargoyle hurls a stone arrow at you.
The stone arrow hits you!! The acid dragon spits acid at you.
The splash of acid hits you!!
* * * LOW HITPOINT WARNING * * *
The acid corrodes you!
The kobold brigand hits you with a +0 short sword.
* * * LOW HITPOINT WARNING * * *
The kobold brigand is burned by your cloak of flames.
The kobold brigand is lightly wounded.
You hit the acid dragon but do no damage.
The acid dragon is severely wounded.
You slash the kobold brigand!
The kobold brigand is poisoned.
The gargoyle hurls a stone arrow at you.
The stone arrow hits you!!
* * * LOW HITPOINT WARNING * * *
The kobold brigand closely misses you. The acid dragon bites you!
You die...

##.....## #.
####
###..###..##
#. ...
#...##
##..####.
#.##..##
##......
#....##
##.....
#.###...##
##....
#....9.##
##.#.
######.#
#.#. #.@#
#.#. #.DK#
..#. .......
.##<
####K#....
#. #)###....
#. #.# .>..
.) ... ...
.. #.# ..
.## .


You could see an acid dragon (catching breath), a gargoyle, a kobold brigand
(very poisoned) and a kobold.

Vanquished Creatures
  A two-headed ogre (D:9)
  Maurice (D:8)
  A gargoyle (D:9)
  Sigmund (D:2)
  A wyvern (D:7)
  6 yaks (D:8)
  4 steam dragons
  3 vampire mosquitoes
  An acid dragon (D:9)
  6 water moccasins
  A black bear (D:4)
  9 orc warriors
  A sky beast (D:7)
  4 ogres
  3 centaurs (D:9)
  A phantom (D:7)
  2 kobold brigands
  A bullfrog (D:6)
  4 scorpions
  6 wights
  3 howler monkeys (D:8)
  2 electric eels
  5 jellies
  5 orc priests
  Crazy Yiuf (D:7)
  5 hounds
  2 gnoll boudas (D:7)
  A sleepcap (D:6)
  Ijyb (D:4)
  6 orc wizards
  8 iguanas
  A hound skeleton (D:8)
  Robin (D:2)
  22 gnolls
  9 adders
  2 shadow imps
  A white imp (D:5)
  4 ufetubi
  A worm (D:2)
  2 dart slugs
  26 orcs
  7 ball pythons
  3 bats
  16 endoplasms
  7 giant cockroaches
  28 goblins
  17 hobgoblins
  7 jackals
  21 kobolds
  9 quokkas
  8 frilled lizards
  9 rats
  A butterfly (D:5)
298 creatures vanquished.

Vanquished Creatures (others)
  2 fungi (D:8)
2 creatures vanquished.

Grand Total: 300 creatures vanquished

Notes
Turn   | Place    | Note
-------+----------+-------------------------------------------
     0 | D:1      | BubbleThief the Naga Cinder Acolyte began the quest for the
                  | Orb.
     0 | D:1      | Reached XP level 1. HP: 21/21 MP: 2/2
   216 | D:1      | Found a faded altar of an unknown god.
   236 | D:1      | Reached XP level 2. HP: 27/28 MP: 3/3
   291 | D:1      | Learned a level 2 spell: Scorch
   930 | D:2      | Reached XP level 3. HP: 34/34 MP: 0/4
  1134 | D:2      | Reached skill level 4 in Axes
  1214 | D:2      | Noticed Sigmund
  1221 | D:2      | Killed Sigmund
  1222 | D:2      | Reached skill level 5 in Axes
  1222 | D:2      | Reached XP level 4. HP: 38/44 MP: 5/5
  1222 | D:2      | Reached XP level 5. HP: 43/50 MP: 6/6
  1564 | D:3      | Reached XP level 6. HP: 52/58 MP: 4/7
  1977 | D:3      | Noticed Robin
  2081 | D:2      | Killed Robin
  2460 | D:3      | Got the Cyclopedia of Conjuring
  2958 | D:4      | Found a snail-covered altar of Cheibriados.
  2966 | D:4      | Found an opulent altar of Gozag.
  2970 | D:4      | Reached skill level 6 in Axes
  2979 | D:4      | Found a hazy altar of Hepliaklqana.
  2982 | D:4      | Found a shimmering altar of Xom.
  3036 | D:4      | Found an ornate altar of the Wu Jian Council.
  3127 | D:4      | Noticed a black bear
  3135 | D:4      | Killed a black bear
  3136 | D:4      | Reached skill level 5 in Fighting
  3136 | D:4      | Reached XP level 7. HP: 64/67 MP: 1/8
  3894 | D:4      | Noticed Ijyb
  3920 | D:4      | Killed Ijyb
  4068 | D:5      | Entered Level 5 of the Dungeon
  4167 | D:5      | Reached skill level 7 in Axes
  4484 | D:5      | Found a staircase to the Ecumenical Temple.
  4543 | D:5      | Found Kecavin's Antique Armour Shop.
  4551 | D:5      | Bought an amethyst-encrusted leather armour for 126 gold
                  | pieces
  4551 | D:5      | Identified the +2 leather armour of Zavaegag {Int+5 SInv}
                  | (You bought it in a shop on level 5 of the Dungeon)
  5200 | D:5      | Reached skill level 1 in Conjurations
  5200 | D:5      | Reached XP level 8. HP: 76/76 MP: 2/9
  5284 | D:6      | Found an ornate altar of the Wu Jian Council.
  5284 | D:6      | Found a hide-covered altar of Uskayaw.
  5304 | D:6      | Learned a level 2 spell: Searing Ray
  5340 | D:6      | Reached skill level 8 in Axes
  5553 | D:6      | Reached skill level 9 in Axes
  5610 | D:6      | Reached XP level 9. HP: 82/85 MP: 4/10
  5631 | D:6      | Found a glowing drain.
  5675 | Sewer    | Entered a sewer
  6017 | Sewer    | Found a viscous altar of Jiyva.
  6461 | D:6      | Found a blossoming altar of Fedhas.
  6768 | D:7      | Found a blossoming altar of Fedhas.
  7260 | D:7      | Reached skill level 10 in Axes
  7745 | D:7      | Found a runed translucent door.
  7746 | D:7      | Noticed Crazy Yiuf
  7754 | D:7      | Killed Crazy Yiuf
  7765 | D:7      | Identified the +11 hammer of Beer {freeze, Dex+3 Stlth+}
  8098 | D:8      | Found a huge runed translucent gate.
  8098 | D:8      | Noticed a manticore
  8098 | D:8      | Noticed a polar bear
  8098 | D:8      | Noticed a death yak
  8099 | D:8      | Found a huge runed translucent gate.
  8099 | D:8      | Found a huge runed translucent gate.
  8099 | D:8      | Noticed a polar bear
  8099 | D:8      | Noticed a polar bear
  8099 | D:8      | Noticed a polar bear
  8128 | D:8      | Reached XP level 10. HP: 96/96 MP: 14/14
  8132 | D:8      | Found a flagged portal.
  8139 | Bailey   | Entered a bailey
  8328 | Bailey   | Reached skill level 5 in Conjurations
  8796 | D:8      | Noticed Maurice
  8807 | D:8      | Killed Maurice
  8808 | D:8      | Reached skill level 11 in Axes
  9059 | D:8      | Found a white marble altar of Elyvilon.
  9106 | D:8      | Found a burning altar of Makhleb.
  9276 | D:8      | Found a huge runed translucent gate.
  9276 | D:8      | Noticed a manticore
  9369 | D:8      | Found a shadowy altar of Dithmenos.
  9428 | D:9      | Noticed a two-headed ogre
  9440 | D:9      | HP: 2/97 [two-headed ogre/+0 giant spiked club (7)]
  9441 | D:9      | Killed a two-headed ogre
  9779 | D:9      | Found a broken altar of Ashenzari.
  9922 | D:9      | Reached XP level 11. HP: 102/104 MP: 18/18
  9998 | D:9      | Identified the +5 whip "Footawor" {pain, rF++ Will+ MP+9
                  | Str-5}
 10192 | D:9      | Found Hoiss's Serpentskin Sales.
 10204 | D:9      | Reached skill level 12 in Axes
 10206 | D:9      | Reached skill level 5 in Spellcasting
 10566 | D:10     | Entered Level 10 of the Dungeon
 10664 | D:10     | Noticed Gastronok
 10856 | D:10     | HP: 3/96 [gargoyle/stone arrow (22)]
 10856 | D:10     | Slain by an acid dragon

Illustrated notes

Levels and vault maps discovered:
D:1:      reono_arrival_forest_river, layout_basic,
          hellmonk_ecumenical_altar_zigzags
D:2:      layout_rooms, uniq_sigmund
D:3:      layout_rooms, serial_curves, eino_curves_04, eino_curves_04,
          hangedman_decor_clover_reticule, bh_walls_and_bars, uniq_robin
D:4:      kennysheep_goblin_castle, layout_loops_corners,
          grunt_temple_overflow_cloverleaf, lemuel_crystal_altar,
          small_statue_intersection
D:5:      layout_basic, minmay_temple_entry_butterflies, serial_glass,
          glass_columns_a, glass_columns_a, glass_columns_b, glass_columns_b,
          glass_columns_a, glass_columns_a, glass_columns_a, glass_columns_b,
          glass_columns_a, glass_columns_c, serial_shops, shop, uniq_ijyb
D:6:      layout_cave_pools, mainiacjoe_overflow_small_starburst,
          gup_sewer_entry_pipe, serial_rivers, chequers_serial_rivers_marsh,
          chequers_serial_rivers_small_b, chequers_serial_rivers_small_b,
          chequers_serial_rivers_marsh, chequers_serial_rivers_micro_b,
          chequers_serial_rivers_micro_c, moated_statue,
          hangedman_feature_mirror, minmay_fractal_squares_diagonal_5
D:7:      layout_loops_ring, fedhas_altar_3, fountainhead,
          uniq_crazy_yiuf_cottage
D:8:      lemuel_bear_cage, layout_loops_cross, nicolae_overflow_hidden_temple,
          lemuel_doored_altar, makhleb_blood_cavern_becter, enter_bailey_3,
          fungi_pond_lemuel, uniq_maurice
D:9:      layout_basic, ashenzari_conservatory_becter, guppyfry_shop_venom
D:10:     layout_loops_cross, nemelex_spade_bored_becter, orc_0_dummy,
          uniq_gastronok

Skill      XL: |  1  2  3  4  5  6  7  8  9 10 11 |
---------------+----------------------------------+-----
Axes           | 5 6 7 9 10 11 12 | 12.3
Fighting       | 4 5 6 7 8 9 |  9.0
Conjurations   | 1 3 4 6 |  6.8
Spellcasting   | 3 4 5 |  5.3
Fire Magic     | |  3.0

Action                     |  1- 3 |  4- 6 |  7- 9 | 10-12 || total
---------------------------+-------+-------+-------+-------++-------
  Melee: Hand axe          |    64 |    56 |   227 |       ||   347
         War axe           |       |       |    21 |   235 ||   256
         Punch             |       |       |     1 |     1 ||     2
   Cast: Scorch            |     4 |    30 |    62 |     9 ||   105
         Searing Ray       |       |       |    21 |    13 ||    34
 Invoke: Fiery Armour      |       |       |     2 |     2 ||     4
Ability: Spit Poison       |    24 |    21 |    68 |    26 ||   139
  Evoke: Wand              |     2 |       |     3 |       ||     5
    Use: Scroll            |       |       |     8 |       ||     8
         Potion            |       |       |     1 |       ||     1
 Armour: Robe              |    10 |    16 |       |       ||    26
         Ring mail         |       |    13 |    53 |       ||    66
         Leather armour    |       |       |   107 |   107 ||   214
  Dodge: Dodged            |    31 |    40 |   188 |   127 ||   386

Table legend: (Time is in decaauts)
 A = Elapsed time spent in this place.
 B = Non-inter-level travel time spent in this place.
 C = Inter-level travel time spent in this place.
 D = Time resting spent in this place.
 E = Time spent auto-exploring this place.
 F = Levels seen in this place.
 G = Mean time per level.
                   A        B        C        D        E       F      G
               +--------+--------+--------+--------+--------+-----+--------+
         Total |  13413 |  13035 |    378 |    455 |  10241 |  12 | 1117.8 |
       Dungeon |  12335 |  11957 |    378 |    450 |   9600 |  10 | 1233.5 |
         Sewer |    466 |    466 |      0 |      0 |    332 |   1 |  466.0 |
        Bailey |    611 |    611 |      0 |      5 |    309 |   1 |  611.0 |
               +--------+--------+--------+--------+--------+-----+--------+

Top non-repeatable levels by time:
     D:9: 1671 daAuts
     D:4: 1642 daAuts
     D:5: 1530 daAuts
     D:7: 1488 daAuts
     D:3: 1320 daAuts
     D:6: 1317 daAuts
     D:8: 1106 daAuts
     D:1: 1066 daAuts
     D:2: 1042 daAuts
  Bailey: 611 daAuts
   Sewer: 466 daAuts
    D:10: 148 daAuts
